 Dungeon Crawl Stone Soup version 0.24.0-13-gcf9b319 (webtiles) character file.

Game seed: 17562087431429036280, levelgen mode: deterministic

273 Fang the Shield-Bearer (level 6, -7/39 HPs)
             Began as a Gargoyle Fighter on Jan 3, 2020.
             Blown up by Ijyb (16 damage)
             ... with a disintegration bolt
             ... on level 3 of the Dungeon.
             The game lasted 00:02:05 (1926 turns).

Fang the Shield-Bearer (Gargoyle Fighter)           Turns: 1926, Time: 00:02:06

Health: -7/39      AC: 15    Str: 27    XL:     6   Next: 24%
Magic:  15/15      EV:  8    Int:  8    God:
Gold:   144        SH: 10    Dex:  9    Spells: 5/5 levels left

rFire    . . .     SeeInvis .   a - +0 war axe
rCold    . . .     Gourm    +   B - +0 shield
rNeg     + . .     Faith    .   b - +0 scale mail
rPois    ∞         Spirit   .   (no helmet)
rElec    +         Reflect  .   (no cloak)
rCorr    .         Harm     .   (no gloves)
MR       .....                  (no boots)
Stlth    ..........             p - amulet of the gourmand
HPRegen  0.13/turn              m - +4 ring of protection
MPRegen  0.14/turn              s - ring of magical power

@: mighty
A: negative energy resistance 1, electricity resistance, unbreathing,
petrification resistance, rot immunity, AC +4
a: no special abilities


You were on level 3 of the Dungeon.
You were completely stuffed.

You visited 1 branch of the dungeon, and saw 3 of its levels.

You collected 144 gold pieces.

Inventory:

Hand Weapons
 a - a +0 war axe (weapon)
Armour
 b - a +0 scale mail (worn)
 B - a +0 shield (worn)
Jewellery
 m - a +4 ring of protection (left hand)
 p - an amulet of the gourmand (around neck)
 s - a ring of magical power (right hand)
Wands
 u - a wand of polymorph (4)
Scrolls
 e - a scroll of blinking {unknown}
 g - a scroll of enchant weapon {unknown}
 j - 3 scrolls of teleportation {unknown}
 l - a scroll of identify {unknown}
 q - 2 scrolls of remove curse {unknown}
 w - a scroll of amnesia {unknown}
 y - 2 scrolls of immolation {unknown}
Potions
 d - 2 potions of might
 f - a potion of curing {unknown}
 h - 2 potions of lignification {unknown}
 i - a potion of cancellation {unknown}
 k - a potion of degeneration {unknown}
 n - 2 potions of brilliance {unknown}
 o - a potion of flight {unknown}
 r - a potion of magic {unknown}
 t - a potion of ambrosia {unknown}
 x - a potion of haste {unknown}
 z - a potion of invisibility {unknown}
 A - a potion of agility {unknown}
Comestibles
 c - 10 rations
 v - 3 chunks of flesh


   Skills:
 + Level 4.6 Fighting
 + Level 3.2 Axes
 + Level 4.6 Armour
 + Level 4.6 Shields


You had 5 spell levels left.
You didn't know any spells.
Your spell library was empty.

Dungeon Overview and Level Annotations

Branches:
Dungeon (3/15)

Altars:
Nemelex Xobeh

Annotations:
D:3 Ijyb


Innate Abilities, Weirdness & Mutations

You are resistant to torment.
Your stone body is resilient. (AC +4)
You are immune to poison.
You resist negative energy. (rN+)
You are resistant to electric shocks. (rElec)
You can survive without breathing.
You are immune to petrification.
You are immune to rotting.


Message History

You are too injured to fight recklessly!
You are too injured to fight recklessly!
You are too injured to fight recklessly!
You are too injured to fight recklessly!
You are too injured to fight recklessly!
You are too injured to fight recklessly!
You are too injured to fight recklessly!
You are too injured to fight recklessly!
You are too injured to fight recklessly!
You are too injured to fight recklessly!
Sorry, you're not good enough to have a special ability.
You feel very mighty all of a sudden. Ijyb hits you but does no damage.
You hit Ijyb.
Ijyb is lightly wounded.
You block Ijyb's attack.
You closely miss Ijyb.
Ijyb is lightly wounded.
Ijyb zaps a wand.
You are blasted!
You die...

#.#
#######'#####
######
............#
.....#
.......÷....#
.....#
............#
.....#
............#
.....#
............#
.....#
..........(.#
.....#
.........@..#
.....#
..........g.#
.....#
............#
..)..#
..............
.....#
#######......##
.....# ######.#
#..### )# ##.##
(# #..#
#########


You could see Ijyb.

Vanquished Creatures
  Grinder (D:3)
  Jessica (D:3)
  An adder (D:2)
  An ooze (D:2)
  2 dart slugs
  A leopard gecko (D:1)
  2 orcs (D:3)
  5 giant cockroaches
  4 goblins
  7 hobgoblins
  A ball python (D:2)
  4 bats
  3 frilled lizards (D:1)
  4 kobolds
  5 rats
42 creatures vanquished.

Notes
Turn   | Place    | Note
-------+----------+-------------------------------------------
     0 | D:1      | Fang the Gargoyle Fighter began the quest for the Orb.
     0 | D:1      | Reached XP level 1. HP: 14/14 MP: 1/1
   160 | D:1      | Reached XP level 2. HP: 18/19 MP: 2/2
   713 | D:2      | Reached XP level 3. HP: 23/23 MP: 3/3
  1014 | D:2      | Found a sparkling altar of Nemelex Xobeh.
  1266 | D:3      | Noticed Jessica
  1277 | D:3      | Killed Jessica
  1277 | D:3      | Reached XP level 4. HP: 29/29 MP: 4/4
  1326 | D:3      | Noticed Grinder
  1346 | D:3      | Killed Grinder
  1346 | D:3      | Reached XP level 5. HP: 25/34 MP: 5/5
  1346 | D:3      | Reached XP level 6. HP: 29/39 MP: 6/6
  1919 | D:3      | Noticed Ijyb
  1926 | D:3      | Blown up by Ijyb

Levels and vault maps discovered:
D:1:      wander_arrival_estate, layout_basic, minmay_tromino_mix6
D:2:      layout_loops_ring, lemuel_crystal_altar
D:3:      layout_basic, uniq_ijyb, uniq_grinder, uniq_jessica

Skill      XL: |  1  2  3  4 |
---------------+-------------+-----
Axes           | 2 3 |  3.2
Fighting       | 4 |  4.6
Armour         | 4 |  4.6
Shields        | 4 |  4.6

Action                   |  1- 3 |  4- 6 || total
-------------------------+-------+-------++-------
Melee: War axe           |    93 |    40 ||   133
  Use: Potion            |       |     1 ||     1
  Eat: Chunk             |     8 |     8 ||    16
Armor: Scale mail        |    44 |    20 ||    64
       Skin              |     2 |       ||     2
Dodge: Dodged            |    22 |     9 ||    31
Block: Shield            |    49 |    11 ||    60
